 Dungeon Crawl Stone Soup version 0.28-a0-794-gafe8c5f9e9 (webtiles) character file.

Game seed: 10282827600780280618

1121 gimp the Cudgeller (level 8, 0/59 HPs)
             Began as a Djinni Wanderer on Nov 5, 2021.
             Slain by a vampire mosquito (3 damage)
             ... on level 6 of the Dungeon.
             The game lasted 00:16:32 (8056 turns).

gimp the Cudgeller (Djinni Wanderer)                Turns: 8056, Time: 00:16:33

Health: 0/59       AC: 11    Str: 13    XL:     8   Next: 61%
Gold:   249        EV:  9    Int: 13    God:
                   SH:  0    Dex: 12

rFire   + + +      SeeInvis +   a - +0 flail
rCold   . . .      Faith    .   (no shield)
rNeg    . . .      Spirit   .   c - +2 scale mail
rPois   ∞          Reflect  .   (no helmet)
rElec   +          Harm     .   e - +1 cloak
rCorr   +          Rampage  .   (no gloves)
Will    +....                   (boots unavailable)
Stlth   ..........              (no amulet)
HPRegen 0.19/turn               s - ring of willpower
MPRegen 0.00/turn               w - ring of see invisible

@: mighty, resistant, flying, hasted, very quick
A: sickness immunity, fire resistance 2, cold vulnerability 1, float, innate
caster, hp casting, extra vitality 1, dopey 1
a: no special abilities


You were on level 6 of the Dungeon.
You visited 1 branch of the dungeon, and saw 6 of its levels.
You also visited: Sewer.

You collected 333 gold pieces.
You spent 84 gold pieces at shops.

Inventory:

Hand Weapons
 a - a +0 flail (weapon)
 b - a +0 morningstar
 q - a +0 mace
 x - a +0 spear
Missiles
 o - 11 poisoned darts (quivered)
Armour
 c - a +2 scale mail (worn)
 e - a +1 cloak (worn)
Jewellery
 s - a ring of willpower (left hand)
 w - a ring of see invisible (right hand)
Wands
 g - a wand of polymorph (11)
Scrolls
 f - 2 scrolls of immolation
 i - 2 scrolls of vulnerability
 j - 3 scrolls of teleportation
 m - 3 scrolls of blinking
 n - 2 scrolls of fog
 u - a scroll of torment
 v - a scroll of magic mapping
 y - a scroll of enchant armour
Potions
 d - a potion of attraction
 h - a potion of brilliance
 k - a potion of haste
 l - 2 potions of magic
 p - a potion of mutation
 t - 2 potions of cancellation


   Skills:
 - Level 5.0 Fighting
 * Level 6.1 Maces & Flails
 - Level 5.0 Armour
 - Level 1.1 Dodging
 - Level 1.0 Shields
 - Level 1.0 Unarmed Combat
 - Level 1.0 Evocations


You had 2 spell levels left.
You knew the following spells:

 Your Spells              Type           Power      Damage    Failure   Level
a - Shock                 Conj/Air       0%         1d3       78%         1
b - Ensorcelled Hibernat  Hex/Ice        0%         N/A       89%         2
c - Passwall              Tmut/Erth      0%         N/A       89%         2
Your spell library was empty.

Dungeon Overview and Level Annotations

Branches:
Dungeon (6/15)              Sewer (visited)
 Temple: D:4-7

Altars:
Ashenzari
Wu Jian

Shops:
D:2 ?

Annotations:
D:5 Edmund


Innate Abilities, Weirdness & Mutations

You are immune to sickness and miasma.
You are immune to poison.
Your flesh is very heat resistant. (rF++)
You are vulnerable to cold. (rC-)
You float through the air rather than walking.
You learn spells naturally, not from books.
Your magical power is your life essence.
You have superior vitality. (+4 HP)
You are dopey. (Int -2)


Message History

The vampire mosquito bites you!
The vampire mosquito closely misses you.
The vampire mosquito bites you but does no damage. x2
You take 7 damage, and have 27/59 hp.
It was a potion of might.
You feel very mighty all of a sudden.
The vampire mosquito closely misses you.
The vampire mosquito bites you. The vampire mosquito misses you.
The vampire mosquito bites you but does no damage.
You take 5 damage, and have 22/59 hp.
The vampire mosquito bites you.
You take 2 damage, and have 20/59 hp.
You feel yourself speed up. The vampire mosquito barely misses you.
The vampire mosquito bites you. The vampire mosquito barely misses you.
The vampire mosquito bites you.
You take 2 damage, and have 18/59 hp.
The vampire mosquito barely misses you.
The vampire mosquito completely misses you.
You completely miss the vampire mosquito.
The vampire mosquito closely misses you.
The vampire mosquito bites you but does no damage.
The vampire mosquito bites you.
* * * LOW HITPOINT WARNING * * *
You take 3 damage, and have 15/59 hp.
You closely miss the vampire mosquito. The vampire mosquito bites you.
* * * LOW HITPOINT WARNING * * *
The vampire mosquito barely misses you.
You take 3 damage, and have 12/59 hp.
You miss the vampire mosquito. The vampire mosquito bites you.
* * * LOW HITPOINT WARNING * * *
The vampire mosquito bites you but does no damage.
The vampire mosquito barely misses you.
You take 1 damage, and have 11/59 hp.
You closely miss the vampire mosquito.
The vampire mosquito bites you but does no damage. x2
The vampire mosquito bites you!
* * * LOW HITPOINT WARNING * * *
You take 8 damage, and have 3/59 hp.
You closely miss the vampire mosquito. The vampire mosquito bites you.
You die...

,,*##............##
,,...............#
,................#
*#...............#
###............##
##.........###
#.......###
*#...>..## #####
#...#....####@..#
#######...##yy..#
##........#
#........#
##.......#
##......# *
###...## * ###.#
***** ###


You could see 2 vampire mosquitoes.

Vanquished Creatures
  A water moccasin (D:4)
  A sky beast (D:6)
  An ogre (D:4)
  2 phantoms (D:4)
  3 bullfrogs
  A water moccasin zombie (D:6)
  An orc priest (D:5)
  2 hounds (D:4)
  A centaur skeleton (D:4)
  2 iguanas (D:5)
  An orc wizard (D:6)
  9 gnolls
  2 adders
  3 river rats (Sewer)
  2 ufetubi
  2 adder skeletons (D:4)
  2 worms
  6 orcs
  10 endoplasms
  4 giant cockroaches
  5 goblins
  5 hobgoblins
  4 jackals (D:1)
  2 quokkas (D:3)
  15 ball pythons
  5 bats
  3 frilled lizards
  7 kobolds
  29 rats
131 creatures vanquished.

Vanquished Creatures (collateral kills)
  2 ball pythons (Sewer)
  A frilled lizard (Sewer)
3 creatures vanquished.

Vanquished Creatures (others)
  10 plants (D:3)
10 creatures vanquished.

Grand Total: 144 creatures vanquished

Notes
Turn   | Place    | Note
-------+----------+-------------------------------------------
     0 | D:1      | gimp the Djinni Wanderer began the quest for the Orb.
     0 | D:1      | Reached XP level 1. HP: 20/20 MP: 0/0
   132 | D:1      | Reached XP level 2. HP: 8/25 MP: 0/0
   787 | D:1      | Reached XP level 3. HP: 31/31 MP: 0/0
   787 | D:1      | Learned a level 1 spell: Shock
   903 | D:1      | Found a faded altar of an unknown god.
  1044 | D:2      | Found an ornate altar of the Wu Jian Council.
  1543 | D:2      | Found Jiasidgh's Magic Scroll Emporium.
  1549 | D:2      | Bought a scroll of teleportation for 36 gold pieces
  1549 | D:2      | Bought a scroll of identify for 24 gold pieces
  1549 | D:2      | Bought a scroll of fog for 24 gold pieces
  1963 | D:2      | Reached XP level 4. HP: 32/37 MP: 0/0
  2581 | D:3      | Found a broken altar of Ashenzari.
  3066 | D:3      | Reached XP level 5. HP: 37/42 MP: 0/0
  3066 | D:3      | Learned a level 2 spell: Ensorcelled Hibernation
  3317 | D:4      | Reached skill level 2 in Maces & Flails
  3561 | D:4      | Noticed a bullfrog
  3561 | D:4      | Noticed a phantom
  3589 | D:4      | Killed a bullfrog
  3590 | D:4      | Reached skill level 5 in Fighting
  3590 | D:4      | Reached XP level 6. HP: 12/49 MP: 0/0
  3768 | D:4      | Reached skill level 3 in Maces & Flails
  4964 | D:4      | Noticed an ogre
  4973 | D:4      | Killed an ogre
  4974 | D:4      | Reached XP level 7. HP: 30/54 MP: 0/0
  4974 | D:4      | Learned a level 2 spell: Passwall
  5449 | D:5      | Entered Level 5 of the Dungeon
  5467 | D:5      | Noticed a water moccasin
  5493 | D:4      | Killed a water moccasin
  5494 | D:4      | Reached skill level 4 in Maces & Flails
  6024 | D:5      | Noticed Edmund
  6768 | D:4      | Reached XP level 8. HP: 35/59 MP: 0/0
  6921 | D:6      | Found a glowing drain.
  6945 | Sewer    | Entered a sewer
  7195 | Sewer    | Reached skill level 5 in Maces & Flails
  7325 | Sewer    | Reached skill level 5 in Armour
  7886 | D:6      | Identified the +6 spear "Wifitux" {venom, Drain Int+5}
  7926 | D:6      | Reached skill level 6 in Maces & Flails
  8042 | D:6      | Gained mutation: You are dopey. (Int -2) [potion of
                  | mutation]
  8056 | D:6      | Slain by a vampire mosquito

Illustrated notes

Levels and vault maps discovered:
D:1:      dpeg_arrival_more_subterranean_lakeside_camping, layout_basic,
          dreamdust_ecumenical_altar_sealed_demon
D:2:      layout_loops_ring, serial_shops, nicolae_shop_waterfront, basic_altar
D:3:      layout_loops_ring, ashenzari_altar_1, columned_hall_lemuel,
          grunt_ministairs_7, guppyfry_early_lair_pool
D:4:      layout_loops_corners, due_unseen_surprise
D:5:      layout_cave_pools, minmay_temple_entry_hall, uniq_eustachio,
          uniq_edmund
D:6:      layout_cave_pods, portal_sewer_entry_b

Skill      XL: |  1  2  3  4  5  6  7  8 |
---------------+-------------------------+-----
Fighting       | 4 5 |  5.0
Armour         | 2 3 4 5 |  5.0
Maces & Flails | 2 3 4 6 |  6.1
Dodging        | |  1.1
Shields        | |  1.0
Unarmed Combat | |  1.0
Evocations     | |  1.0

Action                   |  1- 3 |  4- 6 |  7- 9 || total
-------------------------+-------+-------+-------++-------
Melee: Mace              |   114 |    11 |       ||   125
       Flail             |       |   178 |   325 ||   503
       Punch             |       |     1 |       ||     1
Throw: Dart              |       |     9 |     7 ||    16
 Cast: Passwall          |       |       |     2 ||     2
Evoke: Wand              |       |       |     7 ||     7
  Use: Scroll            |     3 |     2 |    10 ||    15
       Potion            |       |     2 |     9 ||    11
 Stab: Invisible         |       |     1 |       ||     1
Armor: Scale mail        |    83 |   112 |   215 ||   410
Dodge: Dodged            |    74 |   126 |   184 ||   384

Table legend: (Time is in decaauts)
 A = Elapsed time spent in this place.
 B = Non-inter-level travel time spent in this place.
 C = Inter-level travel time spent in this place.
 D = Time resting spent in this place.
 E = Time spent auto-exploring this place.
 F = Levels seen in this place.
 G = Mean time per level.
                   A        B        C        D        E       F      G
               +--------+--------+--------+--------+--------+-----+--------+
         Total |   8212 |   8063 |    149 |   1481 |   4642 |   7 | 1173.1 |
       Dungeon |   7746 |   7597 |    149 |   1481 |   4409 |   6 | 1291.0 |
         Sewer |    466 |    466 |      0 |      0 |    233 |   1 |  466.0 |
               +--------+--------+--------+--------+--------+-----+--------+

Top non-repeatable levels by time:
     D:4: 2734 daAuts
     D:3: 1533 daAuts
     D:2: 1037 daAuts
     D:1: 1020 daAuts
     D:6: 712 daAuts
     D:5: 709 daAuts
   Sewer: 466 daAuts
